 Dungeon Crawl Stone Soup version 0.32-a0-779-g362cfcae2a (webtiles) character file.

Game seed: 7990492031439429070

1551 smashvw the Spear-Bearer (level 8, -3/66 HPs)
             Began as a Mountain Dwarf Fighter on Mar 19, 2024.
             Was an Initiate of Yredelemnul.
             Shot with an arrow by a centaur (9 damage)
             ... on level 6 of the Dungeon.
             The game lasted 00:08:49 (4024 turns).

smashvw the Spear-Bearer (Mountain Dwarf Fighter)   Turns: 4024, Time: 00:08:49

Health: -3/66      AC: 15    Str: 20    XL:     8   Next: 57%
Magic:  8/8        EV: 13    Int:  8    God:    Yredelemnul [......]
Gold:   284        SH:  0    Dex: 11    Spells: 7/7 levels left

rFire   . . .        k - +5 Force Lance {heavy, knockback}
rCold   . . .        c - +0 buckler
rNeg    . . .        b - +0 scale mail
rPois   .            B - +2 hat
rElec   .            p - +0 cloak
rCorr   .            (no gloves)
SInv    .            C - +0 pair of boots
Will    .....        (no amulet) Stlth
                     h - +4 ring of protection
HPRegen 0.31/turn    j - +5 ring of evasion
MPRegen 0.11/turn

%: no passive effects
@: confused, wreathed by umbra, very slow
A: runic magic, artefact enchanting
a: Renounce Religion, Light the Black Torch, Recall Undead Harvest


You were on level 6 of the Dungeon.
You worshipped Yredelemnul.
Yredelemnul was noncommittal.
You visited 1 branch of the dungeon, and saw 6 of its levels.

You collected 284 gold pieces.

Inventory:

Hand Weapons
 a - a +0 long sword
 k - the +5 Force Lance (weapon) {heavy, knockback}
   (You found it on level 2 of the Dungeon)
Armour
 b - a +0 scale mail (worn)
 c - a +0 buckler (worn)
 p - a +0 cloak (worn)
 B - a +2 hat (worn)
 C - a +0 pair of boots (worn)
Jewellery
 h - a +4 ring of protection (left hand)
 j - a +5 ring of evasion (right hand)
Wands
 v - a wand of charming (11) (quivered)
 y - a wand of polymorph (12)
 A - a wand of mindburst (18)
Scrolls
 e - 4 scrolls of teleportation
 f - a scroll of poison {unknown}
 g - 4 scrolls of identify {unknown}
 m - 2 scrolls of immolation {unknown}
 n - a scroll of fear {unknown}
 q - 2 scrolls of enchant weapon {unknown}
 r - a scroll of enchant armour {unknown}
 x - a scroll of vulnerability {unknown}
Potions
 d - 2 potions of might
 i - a potion of degeneration {unknown}
 l - 4 potions of curing {unknown}
 o - a potion of attraction {unknown}
 s - a potion of heal wounds {unknown}
 t - 2 potions of enlightenment {unknown}
 u - a potion of haste {unknown}
 w - a potion of cancellation {unknown}
 z - a potion of ambrosia {unknown}


   Skills:
 - Level 3.8 Fighting
 - Level 2.3 Long Blades
 + Level 9.9 Polearms
 - Level 3.2 Armour
 - Level 5.0 Shields


You had 7 spell levels left.
You didn't know any spells.
Your spell library contained the following spells:

 Spells                   Type           Power      Damage    Failure   Level
 Kiss of Death            Conj/Necr      0%         2d5       56%         1
 Slow                     Hex            0%         N/A       56%         1
 Confusing Touch          Hex            0%         N/A       90%         3
 Vampiric Draining        Necr           0%         2d6       90%         3
 Dispel Undead            Necr           0%         3d6       100%        4


Dungeon Overview and Level Annotations

Branches:
Dungeon (6/15)
 Temple: D:4-7

Altars:
Yredelemnul

Shops:
D:6 (

Annotations:
D:5 6 runed translucent doors, DeathSocks's ghost, weakling DEDe; ezpacito's ghost, novice CoCK


Innate Abilities, Weirdness & Mutations

Your spellcasting is much less encumbered by armour.
You can use scrolls of enchantment on lesser artefacts.


Message History

You hear a shout!
Aiming: Charm
Press: ? - help, Q - select action, (/) - cycle Shift-Dir - straight line, f - centaur
Aim: a centaur, wielding a +0 orcbow (ally target, chance to affect: 49%)
The centaur is charmed.
Your centaur shoots an arrow. x2
Your centaur unwields a +0 orcbow.
Your centaur hits something.
Your centaur kicks something.
You hear a shout!
An orc wizard comes into view. It is wielding a +2 vampiric dagger.
The orc wizard shouts!
Your centaur wields a +0 orcbow.
Your centaur shoots an arrow.
The centaur shoots an arrow.
The arrow hits you but does no damage.
The centaur shoots an arrow.
The arrow hits you. The arrow burns you.
You enter the shallow water.
Moving in this stuff is going to be slow.
The orc wizard gestures at you while chanting.
The puff of flame hits you.
The centaur shoots an arrow.
The arrow misses you.
The centaur shoots an arrow.
The arrow closely misses you.
The orc wizard points at you and mumbles some strange words.
You are confused.
The centaur shoots an arrow.
The arrow hits you. The arrow burns you.
* * * LOW HITPOINT WARNING * * *
You are too confused!
Okay, then.
You're too confused to move!
The orc wizard casts a spell at you. The puff of flame hits you.
* * * LOW HITPOINT WARNING * * *
You are engulfed in a cloud of scalding steam.
* * * LOW HITPOINT WARNING * * *
The centaur shoots an arrow.
The arrow closely misses you.
Your sky beast zombie is engulfed in a cloud of scalding steam.
The centaur shoots an arrow.
The arrow closely misses you.
Your ogre zombie is engulfed in a cloud of scalding steam.
You are too confused!
The centaur shoots an arrow.
The arrow hits you!
You die...
Your body rises from the dead as a mindless zombie.

#.≈~≈~≈≈~~~~≈≈..#######
##.≈~≈~≈~≈≈≈≈~≈≈...#####
...≈~≈~≈...$≈≈~≈........
########.≈~≈~≈$.$≈~≈~≈........
#........≈~≈≈oc..≈~≈~≈........
#........≈≈~≈≈≈≈~≈~≈~≈........
#...).....≈≈§~~~≈≈~≈~≈........
#........≈Z§§≈≈≈≈~≈≈~≈........
#........≈§Z§@c~~≈≈~≈≈........
#.........§§§§≈≈≈≈.≈≈.........
#........#########.###........
#........## #.# #........
#.........# #.###........
#....##...## #............
####.#ß...ß# ###..........
..##...## #######.......... ..
#...# #....##..........


You could see a centaur, an orc wizard, a friendly centaur (charmed), a friendly
sky beast zombie and a friendly ogre zombie.

Vanquished Creatures
  Edmund (D:4)
  A sky beast (D:6)
  2 black bears (D:6)
  3 ogres
  A centaur (D:5)
  A phantom (D:5)
  A scorpion (D:5)
  A bullfrog (D:6)
  A water moccasin zombie (D:5)
  A howler monkey (D:5)
  2 bombardier beetles (D:6)
  A bullfrog zombie (D:5)
  2 jellies
  2 sleepcaps
  Ijyb (D:5)
  An orc wizard (D:3)
  A gnoll (D:1)
  7 adders
  A white imp (D:6)
  2 ufetubi (D:6)
  2 dart slugs
  12 orcs
  5 endoplasms
  2 giant cockroaches (D:1)
  7 goblins
  5 hobgoblins
  8 jackals
  7 kobolds
  A quokka (D:1)
  6 ball pythons
  A bat (D:2)
  2 frilled lizards
  5 rats
96 creatures vanquished.

Vanquished Creatures (collateral kills)
  An ice beast (D:6)
  A bullfrog (D:6)
2 creatures vanquished.

Vanquished Creatures (others)
  A black bear zombie (D:6)
  A bullfrog zombie (D:6)
  An adder zombie (D:6)
  A spectral white imp (D:6)
4 creatures vanquished.

Grand Total: 102 creatures vanquished

Notes
Turn   | Place    | Note
-------+----------+-------------------------------------------
     0 | D:1      | smashvw the Mountain Dwarf Fighter began the quest for the
                  | Orb.
     0 | D:1      | Reached XP level 1. HP: 19/19 MP: 1/1
   179 | D:1      | Reached XP level 2. HP: 23/26 MP: 2/2
   729 | D:2      | Reached XP level 3. HP: 25/33 MP: 3/3
   789 | D:2      | Found the +5 Force Lance {heavy, knockback}
  1050 | D:2      | Reached skill level 1 in Polearms
  1317 | D:3      | Reached XP level 4. HP: 40/40 MP: 4/4
  1655 | D:3      | Reached skill level 2 in Polearms
  1869 | D:4      | Reached XP level 5. HP: 46/46 MP: 5/5
  1949 | D:4      | Noticed an ogre
  1956 | D:4      | Killed an ogre
  1957 | D:4      | Reached skill level 3 in Polearms
  1957 | D:4      | Reached skill level 5 in Shields
  1989 | D:4      | Noticed Edmund
  1996 | D:4      | Killed Edmund
  1997 | D:4      | Reached skill level 4 in Polearms
  1997 | D:4      | Reached XP level 6. HP: 48/52 MP: 6/6
  2154 | D:4      | Reached skill level 5 in Polearms
  2550 | D:5      | Entered Level 5 of the Dungeon
  2550 | D:5      | Noticed Ijyb
  2560 | D:5      | Killed Ijyb
  2622 | D:5      | Reached skill level 6 in Polearms
  2622 | D:5      | Reached XP level 7. HP: 55/58 MP: 7/7
  2669 | D:5      | Found a runed translucent gate.
  2670 | D:5      | Found a runed translucent gate.
  2673 | D:5      | Found a runed translucent gate.
  2675 | D:5      | Noticed DeathSocks's ghost (weakling DEDe)
  2825 | D:5      | Found a runed translucent gate.
  2825 | D:5      | Found a runed translucent gate.
  2825 | D:5      | Found a runed translucent gate.
  2825 | D:5      | Noticed ezpacito's ghost (novice CoCK)
  2827 | D:5      | Found a basalt altar of Yredelemnul.
  2834 | D:5      | Reached skill level 7 in Polearms
  3297 | D:5      | Became a worshipper of Yredelemnul the Fallen
  3334 | D:6      | Found Xyiz Ega's Weapon Shop.
  3350 | D:6      | Reached skill level 8 in Polearms
  3350 | D:6      | Reached XP level 8. HP: 52/66 MP: 8/8
  3515 | D:6      | Reached skill level 9 in Polearms
  4024 | D:6      | Shot with an arrow by a centaur

Illustrated notes

Levels and vault maps discovered:
D:1:      nzn_arrival_depleted_hourglass, layout_basic
D:2:      kennysheep_big_flooded_room, layout_basic
D:3:      layout_loops_ring
D:4:      layout_loops_ring, uniq_edmund
D:5:      layout_basic, nicolae_yredelemnul_ghost_church,
          gammafunk_ghost_necromancy, uniq_ijyb
D:6:      nicolae_whirlpool, layout_basic, serial_shops, shop,
          serial_corexii_hall, corexii_hall_statues_u, corexii_hall_statues_i,
          corexii_hall_statues_x, kennysheep_generic_room_13

Skill      XL: |  1  2  3  4  5  6  7  8 |
---------------+-------------------------+-----
Long Blades    | 2 |  2.3
Shields        | 4 5 |  5.0
Polearms       | 1 2 4 6 8 9 |  9.9
Fighting       | |  3.8
Armour         | |  3.2

Action                     |  1- 3 |  4- 6 |  7- 9 || total
---------------------------+-------+-------+-------++-------
  Melee: Long sword        |    67 |       |       ||    67
         Lance             |    32 |    84 |    74 ||   190
 Invoke: Light the Black T |       |       |     1 ||     1
  Evoke: Wand              |       |       |     1 ||     1
    Use: Scroll            |       |     1 |       ||     1
   Stab: Distracted        |       |       |     1 ||     1
 Armour: Scale mail        |    62 |    26 |    42 ||   130
  Dodge: Dodged            |    44 |    33 |    37 ||   114
  Block: Buckler           |    24 |    10 |     9 ||    43

Table legend: (Time is in decaauts)
 A = Elapsed time spent in this place.
 B = Non-inter-level travel time spent in this place.
 C = Inter-level travel time spent in this place.
 D = Time resting spent in this place.
 E = Time spent auto-exploring this place.
 F = Levels seen in this place.
 G = Mean time per level.
                   A        B        C        D        E       F      G
               +--------+--------+--------+--------+--------+-----+--------+
         Total |   4108 |   3969 |    139 |      0 |   3237 |   6 |  684.7 |
       Dungeon |   4108 |   3969 |    139 |      0 |   3237 |   6 |  684.7 |
               +--------+--------+--------+--------+--------+-----+--------+

Top non-repeatable levels by time:
     D:5: 768 daAuts
     D:1: 730 daAuts
     D:4: 716 daAuts
     D:6: 715 daAuts
     D:2: 624 daAuts
     D:3: 553 daAuts
